[ AOE2 MATCH · #466398333 ]
Team RMPersians vs Goths
[ REPLAY ANALYSIS · EXTRACTED FROM THE RECORDED GAME ]
Feudal
10:28
Castle
16:17
Imperial
41:57
| APM avg | 22.4 |
| APM peak | 51 |
| eAPM avg | 13.7 |
| Villagers / military | 113 / 107 |
Focus
⚔️ 29.7% · 🌾 70.3%
Knight ×71 · Battering Ram ×12 · Trebuchet (Packed) ×11 · Spearman ×5 · Mangonel ×3 · War Elephant ×3
Feudal
13:10
Castle
22:00
Imperial
36:37
| APM avg | 23.1 |
| APM peak | 116 |
| eAPM avg | 12.4 |
| Villagers / military | 80 / 100 |
Focus
⚔️ 17.7% · 🌾 82.3%
Huskarl ×93 · Mangonel ×7 · Trade Cart ×4
Feudal
—
Castle
—
Imperial
—
| APM avg | 10.9 |
| APM peak | 40 |
| eAPM avg | 4.9 |
| Villagers / military | 22 / 12 |
Focus
⚔️ 23.5% · 🌾 76.5%
Spearman ×5 · Archer ×4 · Skirmisher ×3
Feudal
12:08
Castle
20:21
Imperial
—
| APM avg | 23.0 |
| APM peak | 55 |
| eAPM avg | 14.4 |
| Villagers / military | 121 / 103 |
Focus
⚔️ 28.4% · 🌾 71.6%
Ratha (Ranged) ×30 · Spearman ×20 · Battle Elephant ×20 · Elephant Archer ×15 · Armored Elephant ×10 · Archer ×4
Feudal
13:33
Castle
17:37
Imperial
33:57
| APM avg | 15.2 |
| APM peak | 52 |
| eAPM avg | 10.3 |
| Villagers / military | 135 / 15 |
Focus
⚔️ 10.6% · 🌾 89.4%
Monk ×6 · Battering Ram ×3 · Mangonel ×2 · Teutonic Knight ×2 · Trebuchet (Packed) ×2
Feudal
12:58
Castle
26:37
Imperial
31:00
| APM avg | 12.7 |
| APM peak | 37 |
| eAPM avg | 11.0 |
| Villagers / military | 92 / 119 |
Focus
⚔️ 35.2% · 🌾 64.8%
Spearman ×50 · Scorpion ×32 · Militia ×12 · Armored Elephant ×10 · Urumi Swordsman ×9 · Battle Elephant ×6
Feudal
12:20
Castle
24:21
Imperial
40:05
| APM avg | 11.8 |
| APM peak | 47 |
| eAPM avg | 9.2 |
| Villagers / military | 84 / 202 |
Focus
⚔️ 37.8% · 🌾 62.2%
Knight ×110 · Spearman ×60 · Throwing Axeman ×16 · Archer ×5 · Scout Cavalry ×5 · Skirmisher ×3
Feudal
11:49
Castle
24:22
Imperial
39:30
| APM avg | 19.4 |
| APM peak | 54 |
| eAPM avg | 9.8 |
| Villagers / military | 129 / 124 |
Focus
⚔️ 32.3% · 🌾 67.7%
Cavalry Archer ×78 · Magyar Huszar ×37 · Scout Cavalry ×3 · Trebuchet (Packed) ×3 · Spearman ×2 · Monk ×1
Match map
Initial resources + every placement click. Lines = walls · curves = elevation contours. ◆ gold · ⬟ stone · ● berries · ✦ relic · ◌ wall gap
Your base· Open — 6t gap
GualtieroAG's base· Open — 6t gap
KrawatteFaser37's base· Open — unwalled flank
AKA榔頭大將軍's base· Open — unwalled flank
c&c's base· Open — unwalled flank
DrDripz's base· Open — 6t gap
Carlinaiked's base· Open — unwalled flank
MessiahOVO's base· Open — unwalled flank
Smoothed initial terrain · ◌ = detected wall gap · hover for details
Inputs per minute
— StaplegunKing - - GualtieroAG
Build order — StaplegunKing
First 150 of 400 actions detected
| 0:03 | Build | House |
| 0:04 | Create | Villager (Male) |
| 0:04 | Create | Villager (Male) |
| 0:05 | Create | Villager (Male) |
| 0:06 | Build | House |
| 1:06 | Create | Villager (Male) |
| 1:07 | Create | Villager (Male) |
| 1:27 | Create | Villager (Male) |
| 2:07 | Create | Villager (Male) |
| 2:08 | Create | Villager (Male) |
| 2:27 | Create | Villager (Male) |
| 2:27 | Create | Villager (Male) |
| 2:59 | Create | Villager (Male) |
| 2:59 | Create | Villager (Male) |
| 3:01 | Create | Villager (Male) |
| 3:42 | Build | House |
| 3:43 | Build | House |
| 3:47 | Build | Mill |
| 4:21 | Create | Villager (Male) |
| 4:21 | Create | Villager (Male) |
| 4:22 | Create | Villager (Male) |
| 5:00 | Create | Villager (Male) |
| 5:00 | Create | Villager (Male) |
| 5:02 | Create | Villager (Male) |
| 5:25 | Create | Villager (Male) |
| 5:49 | Create | Villager (Male) |
| 5:49 | Create | Villager (Male) |
| 5:49 | Create | Villager (Male) |
| 5:56 | Create | Villager (Male) |
| 6:17 | Create | Villager (Male) |
| 6:18 | Create | Villager (Male) |
| 6:29 | Build | Lumber Camp |
| 7:10 | Create | Villager (Male) |
| 8:01 | Build | Mining Camp |
| 8:25 | Research | Feudal Age |
| 8:35 | Build | Mill |
| 8:51 | Create | Villager (Male) |
| 8:52 | Create | Villager (Male) |
| 9:09 | Build | House |
| 9:30 | Create | Villager (Male) |
| 10:28 | Age | Feudal Age |
| 10:33 | Build | Market |
| 10:39 | Build | Blacksmith |
| 10:45 | Build | Farm |
| 10:46 | Build | Farm |
| 11:04 | Build | Farm |
| 11:04 | Build | Farm |
| 11:17 | Create | Villager (Male) |
| 11:42 | Build | Farm |
| 11:42 | Build | Farm |
| 11:47 | Build | House |
| 12:06 | Research | Double-Bit Axe |
| 12:08 | Create | Villager (Male) |
| 12:34 | Create | Villager (Male) |
| 12:41 | Build | Farm |
| 12:49 | Build | Farm |
| 12:53 | Build | Farm |
| 13:00 | Build | Farm |
| 13:07 | Research | Loom |
| 13:16 | Create | Villager (Male) |
| 13:52 | Research | Castle Age |
| 14:15 | Build | Mining Camp |
| 14:35 | Build | Farm |
| 14:51 | Build | Farm |
| 15:06 | Research | Horse Collar |
| 15:40 | Build | Stone Wall |
| 15:50 | Build | Gate |
| 15:53 | Create | Villager (Male) |
| 15:54 | Create | Villager (Male) |
| 15:59 | Build | Farm |
| 16:17 | Age | Castle Age |
| 16:37 | Build | Town Center |
| 16:41 | Create | Villager (Male) |
| 17:01 | Build | Lumber Camp |
| 17:08 | Create | Villager (Male) |
| 17:08 | Create | Villager (Male) |
| 17:48 | Build | Stone Wall |
| 17:52 | Create | Villager (Male) |
| 17:59 | Build | House |
| 18:10 | Research | Bow Saw |
| 18:41 | Create | Villager (Male) |
| 18:45 | Create | Villager (Male) |
| 18:46 | Create | Villager (Male) |
| 18:59 | Build | Lumber Camp |
| 19:03 | Create | Villager (Male) |
| 19:03 | Create | Villager (Male) |
| 19:24 | Build | Town Center |
| 19:29 | Create | Villager (Male) |
| 19:30 | Create | Villager (Male) |
| 19:31 | Create | Villager (Male) |
| 19:40 | Build | Farm |
| 19:40 | Build | Farm |
| 19:40 | Build | Farm |
| 19:42 | Build | Farm |
| 19:43 | Build | Farm |
| 19:43 | Build | Farm |
| 19:43 | Build | Farm |
| 19:51 | Create | Villager (Male) |
| 19:51 | Create | Villager (Male) |
| 19:53 | Create | Villager (Male) |
| 19:53 | Create | Villager (Male) |
| 20:26 | Build | House |
| 20:27 | Build | House |
| 20:27 | Build | House |
| 20:34 | Build | House |
| 20:34 | Build | House |
| 20:35 | Build | House |
| 20:50 | Create | Villager (Male) |
| 20:51 | Create | Villager (Male) |
| 20:52 | Create | Villager (Male) |
| 20:52 | Create | Villager (Male) |
| 21:10 | Build | Lumber Camp |
| 21:15 | Research | Loom |
| 21:15 | Create | Villager (Male) |
| 21:33 | Build | Gate |
| 21:43 | Create | Villager (Male) |
| 21:44 | Create | Villager (Male) |
| 21:45 | Create | Villager (Male) |
| 21:46 | Create | Villager (Male) |
| 21:47 | Create | Villager (Male) |
| 21:47 | Create | Villager (Male) |
| 21:53 | Build | Farm |
| 21:56 | Build | Farm |
| 22:00 | Build | Farm |
| 22:03 | Build | Farm |
| 22:11 | Build | Farm |
| 22:18 | Create | Villager (Male) |
| 22:18 | Create | Villager (Male) |
| 22:43 | Build | Farm |
| 23:08 | Create | Villager (Male) |
| 23:09 | Create | Villager (Male) |
| 23:09 | Create | Villager (Male) |
| 23:22 | Build | Mining Camp |
| 23:25 | Create | Villager (Male) |
| 23:25 | Create | Villager (Male) |
| 23:28 | Create | Villager (Male) |
| 23:28 | Create | Villager (Male) |
| 23:31 | Build | House |
| 23:32 | Build | House |
| 23:32 | Build | House |
| 23:33 | Build | House |
| 23:33 | Build | House |
| 23:33 | Build | House |
| 23:38 | Build | Farm |
| 23:43 | Build | Monastery |
| 23:47 | Build | University |
| 23:54 | Create | Villager (Male) |
| 23:54 | Create | Villager (Male) |
| 23:54 | Create | Villager (Male) |
| 24:06 | Create | Villager (Male) |
Build order — GualtieroAG
First 150 of 206 actions detected
| 0:03 | Create | Villager (Male) ×4 |
| 0:04 | Create | Villager (Male) ×4 |
| 0:08 | Build | House |
| 1:45 | Research | Loom |
| 1:47 | Create | Villager (Male) |
| 2:28 | Build | House |
| 2:29 | Create | Villager (Male) |
| 2:30 | Create | Villager (Male) |
| 2:53 | Create | Villager (Male) |
| 3:02 | Build | House |
| 3:19 | Create | Villager (Male) |
| 3:20 | Create | Villager (Male) |
| 3:38 | Build | Mill |
| 3:42 | Create | Villager (Male) |
| 3:42 | Create | Villager (Male) |
| 4:04 | Create | Villager (Male) |
| 4:04 | Create | Villager (Male) |
| 4:22 | Create | Villager (Male) |
| 4:42 | Build | Lumber Camp |
| 4:56 | Create | Villager (Male) |
| 5:19 | Create | Villager (Male) |
| 5:19 | Create | Villager (Male) |
| 5:52 | Create | Villager (Male) |
| 5:52 | Create | Villager (Male) |
| 6:03 | Create | Villager (Male) |
| 6:03 | Create | Villager (Male) |
| 6:37 | Create | Villager (Male) |
| 7:00 | Build | House |
| 7:10 | Create | Villager (Male) |
| 7:10 | Create | Villager (Male) |
| 7:31 | Create | Villager (Male) |
| 7:31 | Create | Villager (Male) |
| 7:47 | Build | House |
| 7:57 | Build | House |
| 8:29 | Build | Barracks |
| 8:55 | Build | House |
| 8:56 | Build | House |
| 8:58 | Build | House |
| 9:00 | Build | House |
| 9:02 | Build | House |
| 9:12 | Create | Villager (Male) |
| 9:12 | Create | Villager (Male) |
| 10:07 | Build | Barracks |
| 10:08 | Build | Barracks |
| 11:00 | Research | Feudal Age |
| 11:28 | Build | Barracks |
| 12:17 | Create | Villager (Male) |
| 12:17 | Create | Villager (Male) |
| 12:28 | Build | Farm |
| 12:30 | Build | Farm |
| 12:34 | Build | Farm |
| 12:52 | Build | Farm |
| 12:55 | Build | Farm |
| 12:57 | Build | Farm |
| 13:10 | Age | Feudal Age |
| 13:13 | Create | Villager (Male) |
| 13:13 | Create | Villager (Male) |
| 13:20 | Build | Farm |
| 13:21 | Build | Farm |
| 13:32 | Build | House |
| 13:34 | Build | House |
| 13:37 | Build | House |
| 13:44 | Build | House |
| 13:48 | Build | House |
| 14:08 | Build | Farm |
| 14:24 | Build | Farm |
| 14:52 | Build | Mining Camp |
| 14:58 | Create | Villager (Male) |
| 14:59 | Create | Villager (Male) |
| 14:59 | Create | Villager (Male) |
| 15:10 | Build | Farm |
| 15:20 | Build | Farm |
| 16:06 | Build | Market |
| 16:17 | Build | Farm |
| 16:17 | Build | Farm |
| 16:36 | Build | Farm |
| 16:49 | Create | Villager (Male) ×5 |
| 16:59 | Build | Farm |
| 17:02 | Create | Villager (Male) |
| 17:25 | Build | Blacksmith |
| 17:59 | Build | Lumber Camp |
| 18:04 | Create | Villager (Male) |
| 18:05 | Create | Villager (Male) |
| 18:55 | Build | Mining Camp |
| 19:12 | Research | Castle Age |
| 19:41 | Build | Barracks |
| 19:45 | Build | Barracks |
| 20:03 | Research | Double-Bit Axe |
| 20:08 | Research | Horse Collar |
| 20:16 | Build | House |
| 20:17 | Build | House |
| 20:18 | Build | House |
| 20:21 | Build | House |
| 20:23 | Build | House |
| 20:25 | Build | House |
| 21:08 | Build | Barracks |
| 21:40 | Create | Villager (Male) |
| 21:41 | Create | Villager (Male) |
| 22:00 | Age | Castle Age |
| 22:08 | Build | Barracks |
| 22:15 | Create | Villager (Male) ×5 |
| 22:15 | Create | Villager (Male) ×5 |
| 22:16 | Create | Villager (Male) ×5 |
| 22:31 | Build | Castle |
| 24:24 | Create | Villager (Male) ×5 |
| 25:41 | Build | Town Center |
| 26:01 | Build | Town Center |
| 26:15 | Build | Barracks |
| 26:22 | Build | Barracks |
| 26:28 | Research | Anarchy |
| 27:06 | Create | Trade Cart ×3 |
| 27:52 | Create | Villager (Male) ×5 |
| 27:52 | Create | Villager (Male) ×5 |
| 28:05 | Research | Bow Saw |
| 28:16 | Build | Farm |
| 28:46 | Build | Mining Camp |
| 28:54 | Research | Stone Mining |
| 28:55 | Research | Gold Mining |
| 29:06 | Build | Barracks |
| 29:10 | Build | Barracks |
| 29:12 | Build | Barracks |
| 29:49 | Create | Huskarl ×5 |
| 29:49 | Create | Huskarl ×5 |
| 29:49 | Create | Huskarl ×5 |
| 30:22 | Create | Trade Cart |
| 30:45 | Build | Castle |
| 31:08 | Build | Mining Camp |
| 33:27 | Research | Imperial Age |
| 33:35 | Create | Huskarl ×5 |
| 33:35 | Create | Huskarl ×5 |
| 35:55 | Build | Farm |
| 35:56 | Build | Farm |
| 35:57 | Build | Farm |
| 35:58 | Build | Farm |
| 36:00 | Build | Farm |
| 36:01 | Build | Farm |
| 36:23 | Create | Huskarl ×5 |
| 36:24 | Create | Huskarl ×5 |
| 36:29 | Create | Huskarl ×2 |
| 36:30 | Create | Huskarl ×2 |
| 36:37 | Age | Imperial Age |
| 36:38 | Build | Siege Workshop |
| 36:40 | Build | Siege Workshop |
| 36:43 | Build | Siege Workshop |
| 37:50 | Research | Two-Man Saw |
| 38:12 | Research | Wheelbarrow |
| 38:37 | Build | Town Center |
| 38:56 | Create | Huskarl ×5 |
| 38:56 | Create | Huskarl ×5 |
| 38:57 | Create | Huskarl ×3 |
Build order — KrawatteFaser37
77 actions detected in the replay
| 0:14 | Create | Villager (Male) |
| 0:14 | Create | Villager (Male) |
| 0:14 | Create | Villager (Male) |
| 0:15 | Create | Villager (Male) |
| 0:15 | Create | Villager (Male) |
| 0:17 | Research | Loom |
| 0:24 | Build | House |
| 0:25 | Build | House |
| 0:26 | Build | House |
| 3:01 | Create | Villager (Male) |
| 3:02 | Create | Villager (Male) |
| 3:02 | Create | Villager (Male) |
| 3:27 | Create | Villager (Male) |
| 3:41 | Build | Lumber Camp |
| 4:42 | Research | Double-Bit Axe |
| 6:06 | Research | Wheelbarrow |
| 6:32 | Create | Villager (Male) |
| 6:32 | Create | Villager (Male) |
| 8:03 | Build | Mill |
| 9:43 | Create | Villager (Male) |
| 9:43 | Create | Villager (Male) |
| 10:28 | Build | House |
| 10:29 | Build | House |
| 11:05 | Build | Barracks |
| 11:11 | Create | Villager (Male) |
| 11:49 | Build | Outpost |
| 11:56 | Build | Outpost |
| 12:18 | Research | Horse Collar |
| 12:33 | Build | Mining Camp |
| 12:44 | Research | Feudal Age |
| 13:17 | Build | Outpost |
| 14:28 | Build | Mining Camp |
| 14:40 | Build | Farm |
| 14:48 | Build | Farm |
| 14:56 | Build | Farm |
| 15:07 | Build | Archery Range |
| 15:11 | Research | Man-at-Arms (upgrade) |
| 15:27 | Research | Town Watch |
| 16:17 | Build | Watch Tower |
| 16:30 | Create | Spearman |
| 16:30 | Create | Spearman |
| 16:31 | Create | Spearman |
| 16:31 | Create | Spearman |
| 16:32 | Create | Spearman |
| 16:51 | Create | Skirmisher |
| 16:51 | Create | Skirmisher |
| 20:48 | Create | Villager (Male) |
| 20:48 | Create | Villager (Male) |
| 20:49 | Research | Hand Cart |
| 21:03 | Build | Blacksmith |
| 21:52 | Build | Farm |
| 22:10 | Build | Market |
| 22:20 | Create | Villager (Male) |
| 22:29 | Research | Heavy Plow |
| 22:52 | Create | Archer |
| 22:52 | Create | Archer |
| 23:14 | Build | Farm |
| 23:29 | Build | Outpost |
| 23:49 | Create | Archer |
| 23:50 | Create | Skirmisher |
| 23:50 | Create | Archer |
| 23:57 | Create | Villager (Male) |
| 23:57 | Create | Villager (Male) |
| 24:34 | Build | Farm |
| 24:51 | Build | Stone Wall |
| 25:01 | Build | Farm |
| 25:16 | Research | Fletching |
| 25:17 | Research | Padded Archer Armor |
| 25:19 | Research | Scale Mail Armor |
| 26:05 | Create | Villager (Male) |
| 26:05 | Create | Villager (Male) |
| 26:58 | Build | Gate |
| 27:15 | Research | Forging |
| 27:29 | Research | Bow Saw |
| 27:38 | Create | Villager (Male) |
| 28:05 | Build | Stone Wall |
| 28:15 | Build | Gate |
Build order — AKA榔頭大將軍
First 150 of 412 actions detected
| 0:04 | Build | House |
| 0:05 | Build | House |
| 0:06 | Create | Villager (Male) |
| 0:06 | Create | Villager (Male) |
| 0:06 | Create | Villager (Male) |
| 0:07 | Create | Villager (Male) |
| 0:07 | Create | Villager (Male) |
| 1:40 | Create | Villager (Male) |
| 1:40 | Create | Villager (Male) |
| 2:06 | Create | Villager (Male) |
| 2:07 | Create | Villager (Male) |
| 2:23 | Create | Villager (Male) |
| 2:23 | Create | Villager (Male) |
| 2:43 | Build | Lumber Camp |
| 2:51 | Create | Villager (Male) |
| 2:52 | Create | Villager (Male) |
| 3:09 | Create | Villager (Male) |
| 4:35 | Create | Villager (Male) |
| 4:35 | Create | Villager (Male) |
| 4:46 | Build | House |
| 4:48 | Build | House |
| 4:49 | Build | House |
| 5:48 | Create | Villager (Male) |
| 5:48 | Create | Villager (Male) |
| 5:48 | Create | Villager (Male) |
| 5:48 | Create | Villager (Male) |
| 6:42 | Build | Mill |
| 7:15 | Create | Villager (Male) |
| 7:15 | Create | Villager (Male) |
| 7:17 | Create | Villager (Male) |
| 8:09 | Build | Mill |
| 8:31 | Create | Villager (Male) |
| 8:31 | Create | Villager (Male) |
| 8:36 | Create | Villager (Male) |
| 9:18 | Build | Mining Camp |
| 9:46 | Research | Feudal Age |
| 10:17 | Build | Farm |
| 10:18 | Build | Farm |
| 10:56 | Build | Mining Camp |
| 11:02 | Create | Villager (Male) |
| 11:02 | Create | Villager (Male) |
| 11:03 | Create | Villager (Male) |
| 11:03 | Create | Villager (Male) |
| 11:03 | Create | Villager (Male) |
| 11:04 | Create | Villager (Male) |
| 11:04 | Create | Villager (Male) |
| 12:08 | Age | Feudal Age |
| 12:27 | Build | Stone Wall |
| 12:39 | Build | Barracks |
| 12:40 | Build | Barracks |
| 13:10 | Build | House |
| 13:12 | Build | House |
| 14:27 | Build | Stone Wall |
| 14:44 | Build | Stone Wall |
| 14:52 | Build | Stone Wall |
| 15:04 | Build | Stone Wall |
| 15:14 | Build | Stone Wall |
| 15:28 | Build | Gate |
| 15:40 | Build | Market |
| 15:43 | Build | Blacksmith |
| 16:04 | Build | Stone Wall |
| 17:23 | Build | Archery Range |
| 17:24 | Build | Archery Range |
| 17:30 | Build | Stable |
| 17:32 | Build | Stable |
| 17:41 | Research | Castle Age |
| 18:19 | Build | Stone Wall |
| 18:47 | Research | Stone Mining |
| 19:22 | Build | Stone Wall |
| 19:32 | Create | Scout Cavalry |
| 19:33 | Create | Scout Cavalry |
| 19:37 | Create | Archer |
| 19:37 | Create | Archer |
| 19:38 | Create | Archer |
| 19:39 | Create | Archer |
| 19:57 | Build | Stone Wall |
| 20:21 | Age | Castle Age |
| 20:26 | Build | Barracks |
| 20:27 | Build | Barracks |
| 20:46 | Build | Farm |
| 20:47 | Build | Farm |
| 21:21 | Build | House |
| 21:23 | Build | House |
| 21:25 | Build | House |
| 21:26 | Build | House |
| 21:27 | Build | House |
| 21:27 | Build | House |
| 21:28 | Build | House |
| 21:28 | Build | House |
| 21:28 | Build | House |
| 21:28 | Build | House |
| 21:48 | Build | Gate |
| 21:58 | Build | Gate |
| 22:08 | Build | Stone Wall |
| 22:18 | Build | Farm |
| 22:19 | Build | Farm |
| 22:24 | Build | Farm |
| 22:37 | Research | Light Cavalry (upgrade) |
| 22:41 | Create | Spearman |
| 22:42 | Create | Spearman |
| 22:42 | Create | Spearman |
| 23:04 | Build | Lumber Camp |
| 23:12 | Create | Villager (Male) |
| 23:12 | Create | Villager (Male) |
| 24:09 | Build | Castle |
| 24:17 | Build | Lumber Camp |
| 24:26 | Research | Gold Mining |
| 24:33 | Create | Villager (Male) |
| 24:33 | Create | Villager (Male) |
| 25:26 | Build | Town Center |
| 25:30 | Research | Double-Bit Axe |
| 25:33 | Create | Villager (Male) |
| 25:51 | Create | Villager (Male) |
| 25:51 | Create | Villager (Male) |
| 26:43 | Research | Elite Skirmisher (upgrade) |
| 26:44 | Create | Skirmisher |
| 26:45 | Create | Skirmisher |
| 26:50 | Build | Farm |
| 26:51 | Build | Farm |
| 26:53 | Build | Farm |
| 26:56 | Create | Ratha (Ranged) |
| 26:57 | Create | Ratha (Ranged) |
| 27:04 | Create | Villager (Male) |
| 27:05 | Create | Villager (Male) |
| 27:05 | Create | Villager (Male) |
| 27:17 | Create | Ratha (Ranged) |
| 27:18 | Create | Ratha (Ranged) |
| 27:22 | Create | Ratha (Ranged) |
| 28:03 | Build | Gate |
| 28:15 | Create | Ratha (Ranged) |
| 28:15 | Create | Ratha (Ranged) |
| 28:27 | Create | Villager (Male) |
| 28:28 | Create | Villager (Male) |
| 28:28 | Create | Villager (Male) |
| 28:28 | Create | Villager (Male) |
| 28:28 | Create | Villager (Male) |
| 30:58 | Build | Siege Workshop |
| 31:05 | Research | Gold Shaft Mining |
| 31:06 | Create | Villager (Male) |
| 31:07 | Create | Villager (Male) |
| 31:07 | Create | Villager (Male) |
| 31:07 | Create | Villager (Male) |
| 31:07 | Create | Villager (Male) |
| 31:07 | Create | Villager (Male) |
| 31:08 | Create | Villager (Male) |
| 32:18 | Build | Siege Workshop |
| 32:21 | Create | Armored Elephant |
| 32:21 | Create | Armored Elephant |
| 32:30 | Build | Farm |
| 32:31 | Build | Farm |
Build order — c&c
First 150 of 234 actions detected
| 0:03 | Research | Loom |
| 0:04 | Create | Villager (Male) |
| 0:04 | Create | Villager (Male) |
| 0:05 | Create | Villager (Male) |
| 0:05 | Create | Villager (Male) |
| 0:05 | Create | Villager (Male) |
| 0:08 | Build | House |
| 0:10 | Build | House |
| 1:55 | Create | Villager (Male) |
| 1:55 | Create | Villager (Male) |
| 2:25 | Create | Villager (Male) |
| 2:26 | Create | Villager (Male) |
| 2:30 | Build | Lumber Camp |
| 2:50 | Create | Villager (Male) |
| 2:51 | Create | Villager (Male) |
| 3:04 | Create | Villager (Male) |
| 3:49 | Build | House |
| 3:53 | Create | Villager (Male) |
| 3:53 | Create | Villager (Male) |
| 3:53 | Create | Villager (Male) |
| 4:27 | Create | Villager (Male) |
| 4:27 | Create | Villager (Male) |
| 4:43 | Create | Villager (Male) |
| 4:43 | Create | Villager (Male) |
| 5:13 | Create | Villager (Male) |
| 5:14 | Create | Villager (Male) |
| 5:14 | Create | Villager (Male) |
| 5:14 | Create | Villager (Male) |
| 6:08 | Build | Mill |
| 6:39 | Build | House |
| 6:42 | Create | Villager (Male) |
| 6:43 | Create | Villager (Male) |
| 6:43 | Create | Villager (Male) |
| 6:43 | Create | Villager (Male) |
| 7:07 | Build | House |
| 7:43 | Create | Villager (Male) |
| 7:44 | Create | Villager (Male) |
| 7:44 | Create | Villager (Male) |
| 7:44 | Create | Villager (Male) |
| 7:59 | Create | Villager (Male) |
| 7:59 | Create | Villager (Male) |
| 8:35 | Build | Farm |
| 8:39 | Build | Farm |
| 8:42 | Build | Farm |
| 8:55 | Build | Farm |
| 9:01 | Create | Villager (Male) |
| 9:01 | Create | Villager (Male) |
| 9:48 | Build | Farm |
| 10:40 | Build | Mining Camp |
| 11:05 | Research | Feudal Age |
| 11:20 | Build | Farm |
| 11:27 | Build | Farm |
| 11:47 | Build | House |
| 12:28 | Build | House |
| 12:31 | Build | House |
| 13:19 | Create | Villager (Male) |
| 13:20 | Create | Villager (Male) |
| 13:33 | Age | Feudal Age |
| 13:45 | Build | Blacksmith |
| 13:48 | Build | Market |
| 14:18 | Build | Lumber Camp |
| 14:32 | Create | Villager (Male) |
| 14:48 | Research | Castle Age |
| 15:29 | Research | Double-Bit Axe |
| 15:41 | Build | Lumber Camp |
| 16:12 | Research | Horse Collar |
| 16:21 | Build | Farm |
| 16:23 | Build | Farm |
| 16:31 | Create | Villager (Male) |
| 16:31 | Create | Villager (Male) |
| 16:49 | Build | Barracks |
| 17:37 | Age | Castle Age |
| 17:43 | Build | Town Center |
| 17:50 | Build | Town Center |
| 17:57 | Create | Villager (Male) |
| 17:57 | Create | Villager (Male) |
| 17:57 | Create | Villager (Male) |
| 18:07 | Create | Villager (Male) |
| 18:07 | Create | Villager (Male) |
| 18:10 | Research | Bow Saw |
| 18:16 | Build | Farm |
| 18:21 | Build | Farm |
| 18:31 | Build | Farm |
| 18:34 | Build | Farm |
| 18:38 | Build | Farm |
| 18:48 | Research | Heavy Plow |
| 19:03 | Research | Stone Mining |
| 19:09 | Create | Villager (Male) |
| 19:10 | Create | Villager (Male) |
| 19:17 | Create | Villager (Male) |
| 19:17 | Create | Villager (Male) |
| 19:18 | Create | Villager (Male) |
| 19:23 | Build | Farm |
| 19:45 | Create | Villager (Male) |
| 19:45 | Create | Villager (Male) |
| 19:54 | Create | Villager (Male) |
| 19:55 | Create | Villager (Male) |
| 19:55 | Create | Villager (Male) |
| 20:12 | Research | Gold Mining |
| 20:21 | Build | House |
| 20:23 | Build | House |
| 20:31 | Create | Villager (Male) |
| 21:21 | Create | Villager (Male) |
| 21:22 | Create | Villager (Male) |
| 21:22 | Create | Villager (Male) |
| 21:23 | Create | Villager (Male) |
| 21:23 | Create | Villager (Male) |
| 21:29 | Build | House |
| 21:31 | Build | House |
| 21:32 | Build | House |
| 22:07 | Build | House |
| 22:12 | Create | Villager (Male) |
| 22:13 | Create | Villager (Male) |
| 22:15 | Create | Villager (Male) |
| 22:15 | Create | Villager (Male) |
| 22:15 | Create | Villager (Male) |
| 22:16 | Create | Villager (Male) |
| 22:16 | Create | Villager (Male) |
| 22:22 | Build | Farm |
| 22:25 | Build | Farm |
| 22:31 | Build | Farm |
| 22:34 | Build | Farm |
| 22:39 | Create | Villager (Male) |
| 22:45 | Build | Farm |
| 22:49 | Build | Farm |
| 22:52 | Create | Villager (Male) |
| 22:52 | Create | Villager (Male) |
| 22:53 | Create | Villager (Male) |
| 23:21 | Create | Villager (Male) |
| 23:21 | Create | Villager (Male) |
| 23:22 | Create | Villager (Male) |
| 23:22 | Create | Villager (Male) |
| 23:45 | Build | House |
| 23:46 | Build | House |
| 23:47 | Create | Villager (Male) |
| 23:48 | Create | Villager (Male) |
| 23:48 | Create | Villager (Male) |
| 24:11 | Build | Castle |
| 24:15 | Create | Villager (Male) |
| 24:16 | Create | Villager (Male) |
| 24:16 | Create | Villager (Male) |
| 24:17 | Create | Villager (Male) |
| 24:17 | Create | Villager (Male) |
| 24:30 | Build | Siege Workshop |
| 24:37 | Create | Villager (Male) |
| 24:38 | Create | Villager (Male) |
| 24:38 | Create | Villager (Male) |
| 24:38 | Create | Villager (Male) |
| 24:39 | Create | Villager (Male) |
| 24:47 | Create | Villager (Male) |
Build order — DrDripz
First 150 of 356 actions detected
| 0:06 | Build | House |
| 0:07 | Build | House |
| 0:08 | Build | House |
| 0:14 | Research | Loom |
| 0:15 | Create | Villager (Male) |
| 0:15 | Create | Villager (Male) |
| 0:15 | Create | Villager (Male) |
| 0:15 | Create | Villager (Male) |
| 0:16 | Create | Villager (Male) |
| 1:47 | Create | Villager (Male) |
| 2:51 | Create | Villager (Male) |
| 3:07 | Create | Villager (Male) |
| 3:29 | Create | Villager (Male) |
| 3:53 | Create | Villager (Male) |
| 4:30 | Create | Villager (Male) |
| 4:31 | Create | Villager (Male) |
| 4:59 | Create | Villager (Male) |
| 4:59 | Create | Villager (Male) |
| 5:00 | Create | Villager (Male) |
| 5:29 | Create | Villager (Male) |
| 5:29 | Create | Villager (Male) |
| 5:37 | Create | Villager (Male) |
| 6:29 | Build | Lumber Camp |
| 6:33 | Build | House |
| 7:08 | Create | Villager (Male) |
| 7:09 | Create | Villager (Male) |
| 7:56 | Build | Mill |
| 9:10 | Build | Mining Camp |
| 9:56 | Create | Villager (Male) |
| 9:57 | Create | Villager (Male) |
| 9:57 | Create | Villager (Male) |
| 10:48 | Research | Feudal Age |
| 10:52 | Build | Farm |
| 10:52 | Build | Farm |
| 10:53 | Build | Farm |
| 10:53 | Build | Farm |
| 10:53 | Build | Farm |
| 10:53 | Build | Farm |
| 10:54 | Build | Farm |
| 10:54 | Build | Farm |
| 10:54 | Build | Farm |
| 11:26 | Build | House |
| 11:27 | Build | House |
| 11:29 | Build | House |
| 12:10 | Build | Mining Camp |
| 12:58 | Age | Feudal Age |
| 13:10 | Build | Barracks |
| 13:23 | Build | Market |
| 13:31 | Build | Blacksmith |
| 13:49 | Create | Villager (Male) |
| 13:50 | Create | Villager (Male) |
| 13:50 | Create | Villager (Male) |
| 13:50 | Create | Villager (Male) |
| 13:50 | Create | Villager (Male) |
| 13:51 | Create | Villager (Male) |
| 13:51 | Create | Villager (Male) |
| 14:13 | Build | Stone Wall |
| 14:18 | Build | Stone Wall |
| 15:08 | Build | Gate |
| 15:18 | Research | Double-Bit Axe |
| 15:21 | Research | Horse Collar |
| 16:19 | Build | Stone Wall |
| 16:41 | Create | Villager (Male) |
| 16:42 | Create | Villager (Male) |
| 16:43 | Research | Wheelbarrow |
| 16:47 | Research | Stone Mining |
| 17:31 | Build | Gate |
| 17:37 | Create | Villager (Male) |
| 17:38 | Create | Villager (Male) |
| 17:39 | Create | Villager (Male) |
| 18:18 | Build | Stone Wall |
| 18:36 | Build | Gate |
| 18:42 | Create | Villager (Male) |
| 18:42 | Create | Villager (Male) |
| 18:43 | Create | Villager (Male) |
| 18:45 | Create | Villager (Male) |
| 18:58 | Build | Farm |
| 18:58 | Build | Farm |
| 18:59 | Build | Farm |
| 19:01 | Build | Farm |
| 19:03 | Build | Farm |
| 20:15 | Create | Villager (Male) |
| 20:16 | Create | Villager (Male) |
| 20:16 | Create | Villager (Male) |
| 20:16 | Create | Villager (Male) |
| 20:29 | Build | Farm |
| 20:30 | Build | Farm |
| 20:31 | Build | Farm |
| 20:33 | Build | Farm |
| 20:43 | Build | House |
| 20:43 | Build | House |
| 20:43 | Build | House |
| 20:43 | Build | House |
| 20:43 | Build | House |
| 20:44 | Build | House |
| 20:44 | Build | House |
| 20:44 | Build | House |
| 20:44 | Build | House |
| 20:45 | Build | House |
| 20:46 | Build | House |
| 20:46 | Build | House |
| 20:46 | Build | House |
| 21:04 | Build | Archery Range |
| 21:05 | Build | Archery Range |
| 21:19 | Build | Farm |
| 21:21 | Build | Farm |
| 21:23 | Build | Farm |
| 23:58 | Research | Castle Age |
| 24:12 | Build | Stable |
| 24:13 | Build | Stable |
| 24:17 | Build | Barracks |
| 24:25 | Build | Gate |
| 26:02 | Research | Man-at-Arms (upgrade) |
| 26:03 | Research | Arson |
| 26:37 | Age | Castle Age |
| 26:41 | Build | Monastery |
| 26:45 | Build | University |
| 27:23 | Build | Siege Workshop |
| 27:50 | Research | Imperial Age |
| 28:00 | Create | Battle Elephant |
| 28:00 | Create | Battle Elephant |
| 28:01 | Create | Battle Elephant |
| 28:01 | Create | Battle Elephant |
| 28:12 | Research | Squires |
| 28:13 | Research | Long Swordsman (upgrade) |
| 28:15 | Create | Spearman |
| 28:15 | Create | Spearman |
| 28:15 | Create | Spearman |
| 28:16 | Create | Spearman |
| 28:16 | Create | Spearman |
| 28:38 | Research | Gold Mining |
| 28:49 | Build | Town Center |
| 29:26 | Research | Husbandry |
| 29:29 | Create | Battle Elephant |
| 29:29 | Create | Battle Elephant |
| 30:07 | Build | Siege Workshop |
| 30:14 | Create | Armored Elephant |
| 30:39 | Research | Gambesons |
| 30:41 | Create | Spearman |
| 30:41 | Create | Spearman |
| 30:41 | Create | Spearman |
| 30:41 | Create | Spearman |
| 30:42 | Create | Spearman |
| 30:42 | Create | Spearman |
| 31:00 | Age | Imperial Age |
| 31:03 | Create | Villager (Male) |
| 31:04 | Create | Villager (Male) |
| 31:04 | Create | Villager (Male) |
| 31:04 | Create | Villager (Male) |
| 31:05 | Create | Villager (Male) |
Build order — Carlinaiked
First 150 of 344 actions detected
| 0:23 | Build | House |
| 0:24 | Build | House |
| 0:29 | Create | Villager (Male) |
| 0:30 | Research | Loom |
| 0:30 | Create | Villager (Male) |
| 0:30 | Create | Villager (Male) |
| 0:31 | Create | Villager (Male) |
| 0:31 | Create | Villager (Male) |
| 1:57 | Create | Villager (Male) |
| 3:14 | Create | Villager (Male) |
| 3:15 | Create | Villager (Male) |
| 4:07 | Create | Villager (Male) |
| 4:09 | Create | Villager (Male) |
| 4:28 | Create | Villager (Male) |
| 4:36 | Create | Villager (Male) |
| 5:29 | Build | House |
| 5:37 | Build | House |
| 6:40 | Build | Mill |
| 6:51 | Create | Villager (Male) |
| 6:52 | Create | Villager (Male) |
| 6:52 | Create | Villager (Male) |
| 7:38 | Create | Villager (Male) |
| 7:44 | Create | Villager (Male) |
| 9:10 | Build | Mill |
| 9:18 | Create | Villager (Male) |
| 9:27 | Build | Lumber Camp |
| 9:33 | Create | Villager (Male) |
| 10:10 | Research | Feudal Age |
| 11:21 | Build | Lumber Camp |
| 12:20 | Age | Feudal Age |
| 12:24 | Research | Wheelbarrow |
| 12:25 | Create | Villager (Male) |
| 12:25 | Create | Villager (Male) |
| 12:29 | Research | Double-Bit Axe |
| 12:41 | Build | Lumber Camp |
| 12:46 | Create | Villager (Male) |
| 12:46 | Create | Villager (Male) |
| 14:09 | Build | Mining Camp |
| 14:17 | Build | House |
| 14:20 | Build | House |
| 14:24 | Build | House |
| 14:27 | Build | House |
| 14:29 | Build | House |
| 14:35 | Build | Farm |
| 14:45 | Build | Farm |
| 14:46 | Build | Farm |
| 14:46 | Build | Farm |
| 14:47 | Build | Farm |
| 15:01 | Build | Farm |
| 15:37 | Build | Barracks |
| 15:52 | Research | Gold Mining |
| 16:10 | Create | Villager (Male) |
| 16:10 | Create | Villager (Male) |
| 16:11 | Create | Villager (Male) |
| 16:11 | Create | Villager (Male) |
| 16:12 | Create | Villager (Male) |
| 16:44 | Build | Blacksmith |
| 16:47 | Build | Farm |
| 16:55 | Build | Archery Range |
| 17:14 | Build | Market |
| 17:17 | Build | Farm |
| 17:24 | Research | Town Watch |
| 17:31 | Build | Farm |
| 17:53 | Build | Farm |
| 17:54 | Build | Farm |
| 18:18 | Build | House |
| 18:27 | Build | House |
| 18:32 | Build | Farm |
| 18:50 | Create | Villager (Male) |
| 19:05 | Build | Mining Camp |
| 19:11 | Create | Archer |
| 19:12 | Create | Archer |
| 19:23 | Create | Villager (Male) |
| 19:26 | Create | Villager (Male) |
| 20:23 | Create | Villager (Male) |
| 20:23 | Create | Villager (Male) |
| 21:03 | Build | Stable |
| 21:16 | Build | Stone Wall |
| 21:30 | Build | Gate |
| 21:36 | Build | Mining Camp |
| 21:41 | Research | Castle Age |
| 23:03 | Build | Stone Wall |
| 23:14 | Create | Villager (Male) |
| 23:15 | Create | Villager (Male) |
| 23:15 | Create | Villager (Male) |
| 23:16 | Create | Villager (Male) |
| 24:21 | Create | Scout Cavalry |
| 24:21 | Age | Castle Age |
| 24:21 | Create | Scout Cavalry |
| 24:22 | Create | Scout Cavalry |
| 24:22 | Create | Scout Cavalry |
| 24:22 | Create | Scout Cavalry |
| 24:34 | Research | Bow Saw |
| 24:37 | Research | Stone Mining |
| 24:37 | Research | Gold Shaft Mining |
| 25:40 | Research | Hand Cart |
| 26:06 | Build | Town Center |
| 26:18 | Research | Town Patrol |
| 27:05 | Create | Villager (Male) |
| 27:05 | Create | Villager (Male) |
| 27:38 | Create | Villager (Male) |
| 27:39 | Create | Villager (Male) |
| 27:39 | Create | Villager (Male) |
| 27:39 | Create | Villager (Male) |
| 28:21 | Build | House |
| 28:49 | Build | House |
| 29:15 | Build | Stable |
| 29:16 | Build | Stable |
| 29:26 | Build | Farm |
| 29:27 | Build | Farm |
| 29:27 | Build | Farm |
| 29:28 | Build | Farm |
| 29:41 | Build | Stone Wall |
| 29:54 | Create | Villager (Male) |
| 29:54 | Create | Villager (Male) |
| 30:23 | Research | Husbandry |
| 30:24 | Create | Knight ×5 |
| 30:24 | Create | Knight ×5 |
| 30:24 | Create | Knight ×4 |
| 30:32 | Build | Farm |
| 30:36 | Create | Villager (Male) |
| 30:37 | Create | Villager (Male) |
| 30:37 | Create | Villager (Male) |
| 30:54 | Build | Farm |
| 31:01 | Create | Villager (Male) |
| 31:04 | Create | Villager (Male) |
| 31:10 | Build | Farm |
| 31:19 | Build | Castle |
| 31:23 | Build | Mining Camp |
| 31:29 | Create | Knight |
| 31:36 | Build | Farm |
| 32:07 | Build | Farm |
| 32:18 | Create | Knight ×5 |
| 32:24 | Build | Farm |
| 32:28 | Create | Villager (Male) |
| 32:28 | Create | Villager (Male) |
| 32:31 | Create | Villager (Male) |
| 32:35 | Create | Villager (Male) |
| 32:36 | Create | Villager (Male) |
| 33:01 | Build | Farm |
| 33:07 | Build | Farm |
| 33:19 | Build | University |
| 33:28 | Build | Farm |
| 33:54 | Build | House |
| 33:55 | Build | House |
| 33:57 | Build | House |
| 34:02 | Build | House |
| 34:09 | Build | Farm |
| 34:13 | Create | Throwing Axeman |
| 34:14 | Create | Throwing Axeman |
Build order — MessiahOVO
First 150 of 350 actions detected
| 0:17 | Build | House |
| 0:18 | Build | House |
| 0:39 | Create | Villager (Male) |
| 0:39 | Create | Villager (Male) |
| 1:32 | Create | Villager (Male) |
| 2:00 | Create | Villager (Male) |
| 2:00 | Create | Villager (Male) |
| 2:00 | Create | Villager (Male) |
| 2:48 | Create | Villager (Male) |
| 3:16 | Create | Villager (Male) |
| 3:45 | Create | Villager (Male) |
| 3:53 | Build | Lumber Camp |
| 4:32 | Create | Villager (Male) |
| 4:39 | Build | House |
| 4:42 | Build | House |
| 4:46 | Create | Villager (Male) |
| 5:21 | Build | Mill |
| 5:33 | Create | Villager (Male) |
| 6:04 | Create | Villager (Male) |
| 6:31 | Create | Villager (Male) |
| 6:48 | Create | Villager (Male) |
| 7:25 | Create | Villager (Male) |
| 7:40 | Create | Villager (Male) |
| 7:51 | Create | Villager (Male) |
| 8:05 | Build | Barracks |
| 8:11 | Create | Villager (Male) |
| 9:39 | Research | Feudal Age |
| 10:01 | Build | Mining Camp |
| 10:13 | Build | House |
| 10:31 | Build | Lumber Camp |
| 11:31 | Build | House |
| 11:40 | Research | Loom |
| 11:49 | Age | Feudal Age |
| 11:51 | Research | Double-Bit Axe |
| 11:57 | Research | Horse Collar |
| 12:00 | Create | Spearman |
| 12:18 | Build | Stable |
| 12:22 | Create | Villager (Male) |
| 12:40 | Create | Spearman |
| 12:48 | Create | Villager (Male) |
| 12:50 | Build | Farm |
| 13:08 | Create | Villager (Male) |
| 13:15 | Build | Blacksmith |
| 13:19 | Build | Farm |
| 13:21 | Create | Villager (Male) |
| 13:42 | Create | Scout Cavalry |
| 13:50 | Build | Farm |
| 14:14 | Build | Stone Wall |
| 14:19 | Create | Villager (Male) |
| 14:22 | Build | Farm |
| 14:40 | Create | Scout Cavalry |
| 14:46 | Create | Villager (Male) |
| 14:49 | Build | Farm |
| 15:21 | Create | Villager (Male) |
| 15:21 | Create | Villager (Male) |
| 15:24 | Build | Farm |
| 15:35 | Build | House |
| 15:49 | Create | Villager (Male) |
| 15:52 | Build | Farm |
| 16:50 | Create | Villager (Male) |
| 16:52 | Build | Farm |
| 16:54 | Build | Farm |
| 17:00 | Research | Bloodlines |
| 17:07 | Create | Villager (Male) |
| 17:20 | Build | Archery Range |
| 17:22 | Build | Archery Range |
| 17:28 | Build | Farm |
| 17:33 | Build | House |
| 17:35 | Build | House |
| 17:37 | Build | House |
| 17:38 | Build | House |
| 17:40 | Build | House |
| 17:41 | Build | House |
| 17:43 | Build | House |
| 18:06 | Create | Villager (Male) |
| 18:08 | Build | Farm |
| 18:10 | Create | Villager (Male) |
| 18:14 | Build | Farm |
| 18:14 | Build | Farm |
| 18:14 | Build | Farm |
| 18:15 | Build | Farm |
| 19:02 | Create | Villager (Male) |
| 19:05 | Build | Farm |
| 19:07 | Build | Farm |
| 19:10 | Create | Villager (Male) |
| 19:36 | Create | Villager (Male) |
| 19:39 | Build | Farm |
| 20:09 | Build | Farm |
| 20:12 | Create | Villager (Male) |
| 20:22 | Build | Gate |
| 20:26 | Create | Villager (Male) |
| 20:34 | Build | Farm |
| 20:58 | Build | Farm |
| 21:13 | Build | Farm |
| 21:17 | Create | Villager (Male) |
| 21:40 | Research | Castle Age |
| 21:56 | Research | Gold Mining |
| 22:01 | Research | Fletching |
| 22:49 | Research | Scale Barding Armor |
| 22:50 | Research | Padded Archer Armor |
| 23:55 | Research | Town Watch |
| 24:13 | Create | Scout Cavalry |
| 24:22 | Age | Castle Age |
| 24:28 | Create | Cavalry Archer |
| 24:28 | Create | Cavalry Archer |
| 24:33 | Research | Husbandry |
| 24:36 | Research | Chain Barding Armor |
| 24:38 | Research | Bodkin Arrow |
| 24:40 | Create | Villager (Male) |
| 24:46 | Build | Monastery |
| 24:56 | Build | Town Center |
| 25:12 | Create | Villager (Male) |
| 25:23 | Create | Villager (Male) |
| 25:24 | Create | Monk |
| 25:29 | Create | Cavalry Archer |
| 25:29 | Create | Cavalry Archer |
| 25:39 | Create | Villager (Male) |
| 25:46 | Build | Lumber Camp |
| 25:51 | Create | Villager (Male) |
| 25:58 | Create | Villager (Male) |
| 25:59 | Create | Villager (Male) |
| 26:04 | Create | Cavalry Archer |
| 26:04 | Create | Cavalry Archer |
| 26:05 | Create | Cavalry Archer |
| 26:06 | Create | Cavalry Archer |
| 26:30 | Create | Villager (Male) |
| 26:32 | Create | Villager (Male) |
| 26:34 | Create | Villager (Male) |
| 26:59 | Research | Leather Archer Armor |
| 27:00 | Create | Villager (Male) |
| 27:01 | Create | Villager (Male) |
| 27:09 | Create | Villager (Male) |
| 27:12 | Create | Villager (Male) |
| 27:18 | Create | Cavalry Archer |
| 27:18 | Create | Cavalry Archer |
| 27:32 | Build | University |
| 27:41 | Research | Thumb Ring |
| 27:53 | Create | Villager (Male) |
| 27:54 | Create | Villager (Male) |
| 27:55 | Create | Villager (Male) |
| 27:55 | Create | Villager (Male) |
| 28:41 | Create | Villager (Male) |
| 28:41 | Create | Villager (Male) |
| 28:45 | Research | Ballistics |
| 29:01 | Create | Villager (Male) |
| 29:02 | Create | Villager (Male) |
| 29:03 | Create | Villager (Male) |
| 29:37 | Create | Cavalry Archer |
| 29:38 | Create | Cavalry Archer |
| 29:41 | Create | Villager (Male) |
Match timeline
| 8:05 | MessiahOVO · first_building Barracks |
| 8:29 | GualtieroAG · first_building Barracks |
| 10:28 | StaplegunKing · age_up feudal |
| 11:05 | KrawatteFaser37 · first_building Barracks |
| 11:49 | MessiahOVO · age_up feudal |
| 12:08 | AKA榔頭大將軍 · age_up feudal |
| 12:18 | MessiahOVO · first_building Stable |
| 12:20 | Carlinaiked · age_up feudal |
| 12:27 | AKA榔頭大將軍 · wall_segment Stone Wall x12 |
| 12:39 | AKA榔頭大將軍 · first_building Barracks |
| 12:58 | DrDripz · age_up feudal |
| 13:10 | DrDripz · first_building Barracks |
| 13:10 | GualtieroAG · age_up feudal |
| 13:33 | c&c · age_up feudal |
| 13:50 | StaplegunKing · first_market_sell 100 wood |
| 13:51 | StaplegunKing · first_market_buy 100 food |
| 14:13 | DrDripz · wall_segment Stone Wall x29 |
| 14:14 | MessiahOVO · wall_segment Stone Wall x13 |
| 14:18 | DrDripz · wall_segment Stone Wall x28 |
| 14:27 | AKA榔頭大將軍 · wall_segment Stone Wall x11 |
| 14:44 | AKA榔頭大將軍 · wall_segment Stone Wall x11 |
| 14:52 | AKA榔頭大將軍 · wall_segment Stone Wall x11 |
| 15:04 | AKA榔頭大將軍 · wall_segment Stone Wall x28 |
| 15:07 | KrawatteFaser37 · first_building Archery Range |
| 15:14 | AKA榔頭大將軍 · wall_segment Stone Wall x2 |
| 15:37 | Carlinaiked · first_building Barracks |
| 15:40 | StaplegunKing · wall_segment Stone Wall x18 |
| 16:04 | AKA榔頭大將軍 · wall_segment Stone Wall x10 |
| 16:17 | StaplegunKing · age_up castle |
| 16:19 | DrDripz · wall_segment Stone Wall x35 |
| 16:49 | c&c · first_building Barracks |
| 16:55 | Carlinaiked · first_building Archery Range |
| 17:20 | MessiahOVO · first_building Archery Range |
| 17:23 | AKA榔頭大將軍 · first_building Archery Range |
| 17:30 | AKA榔頭大將軍 · first_building Stable |
| 17:37 | c&c · age_up castle |
| 17:48 | StaplegunKing · wall_segment Stone Wall x17 |
| 18:18 | DrDripz · wall_segment Stone Wall x15 |
| 18:19 | AKA榔頭大將軍 · wall_segment Stone Wall x16 |
| 19:08 | GualtieroAG · first_market_sell 100 food |
| 19:22 | AKA榔頭大將軍 · wall_segment Stone Wall x14 |
| 19:57 | AKA榔頭大將軍 · wall_segment Stone Wall x11 |
| 20:21 | AKA榔頭大將軍 · age_up castle |
| 21:03 | Carlinaiked · first_building Stable |
| 21:04 | DrDripz · first_building Archery Range |
| 21:16 | Carlinaiked · wall_segment Stone Wall x8 |
| 21:17 | DrDripz · first_market_buy 100 wood |
| 22:00 | GualtieroAG · age_up castle |
| 22:08 | AKA榔頭大將軍 · wall_segment Stone Wall x9 |
| 22:31 | GualtieroAG · first_building Castle |
| 23:03 | Carlinaiked · wall_segment Stone Wall x17 |
| 23:43 | StaplegunKing · first_building Monastery |
| 24:09 | AKA榔頭大將軍 · first_building Castle |
| 24:11 | c&c · first_building Castle |
| 24:12 | DrDripz · first_building Stable |
| 24:21 | Carlinaiked · age_up castle |
| 24:22 | MessiahOVO · age_up castle |
| 24:30 | c&c · first_building Siege Workshop |
| 24:46 | MessiahOVO · first_building Monastery |
| 24:51 | KrawatteFaser37 · wall_segment Stone Wall x14 |
| 25:01 | c&c · first_building Monastery |
| 25:16 | c&c · wall_segment Palisade Wall x3 |
| 26:08 | StaplegunKing · first_building Siege Workshop |
| 26:23 | StaplegunKing · first_building Barracks |
| 26:37 | DrDripz · age_up castle |
| 26:41 | DrDripz · first_building Monastery |
| 26:43 | StaplegunKing · wall_segment Stone Wall x8 |
| 26:52 | DrDripz · first_market_sell 100 food |
| 27:16 | StaplegunKing · first_building Stable |
| 27:23 | DrDripz · first_building Siege Workshop |
| 28:05 | KrawatteFaser37 · wall_segment Stone Wall x7 |
| 28:30 | StaplegunKing · wall_segment Stone Wall x1 |
| 28:41 | StaplegunKing · wall_segment Stone Wall x9 |
| 29:41 | Carlinaiked · wall_segment Stone Wall x1 |
| 30:40 | c&c · first_market_buy 100 food |
| 30:58 | AKA榔頭大將軍 · first_building Siege Workshop |
| 31:00 | DrDripz · age_up imperial |
| 31:14 | StaplegunKing · first_building Castle |
| 31:19 | Carlinaiked · first_building Castle |
| 31:32 | GualtieroAG · first_market_buy 100 food |
| 33:57 | c&c · age_up imperial |
| 35:24 | c&c · resign |
| 35:48 | MessiahOVO · first_building Castle |
| 36:37 | GualtieroAG · age_up imperial |
| 36:38 | GualtieroAG · first_building Siege Workshop |
| 37:11 | StaplegunKing · wall_segment Stone Wall x4 |
| 37:30 | StaplegunKing · wall_segment Stone Wall x14 |
| 38:54 | Carlinaiked · first_building Monastery |
| 39:30 | MessiahOVO · age_up imperial |
| 40:05 | Carlinaiked · age_up imperial |
| 41:45 | DrDripz · first_building Castle |
| 41:57 | StaplegunKing · age_up imperial |
[ AI ANALYSIS · 1 CREDIT ]
What really happened in this match?
Wolo.gg analyzes every decision: build order, eco, micro, common mistakes by bracket. Personalized analysis on WhatsApp or Discord in 30 seconds.
Civ guide
Persians
Map guide
Arabia
Perfil
Jugador #24864921